Map: Year Zero LE

Players

HellraiseR

  • Race: Protoss Protoss
  • League: Master
  • Spawn Location: 1:00

Elazer - Winner!

  • Race: Zerg Zerg
  • Spawn Location: 11:00

Event: 2019 WCS Winter Europe

VOD

Have the link to the VOD?

Description

Time

  • Played on: Feb. 16, 2019, 9:37 a.m.
  • Length: 4:40

All games in this series

Show
View Real Time Build Order
Export as new Build Order

HellraiseR Protoss 

Build Orders:  

Get SALT Encoding   

  12  0:00  Probe  
  13  0:12  Probe  
  14  0:19  Pylon  
  14  0:22  Probe  
  15  0:33  Probe  
  15  0:39  Forge  
  16  0:44  Probe  
  17  1:00  Pylon  
  17  1:10  Pylon  
  17  1:18  Photon Cannon  
  17  1:20  Gateway  
  17  1:22  Probe  
  18  1:27  Assimilator  
  18  1:34  Probe  
  18  1:37  Assimilator  
  19  1:46  Probe  
  20  1:50  Gateway  
  21  2:02  Photon Cannon  
  21  2:07  Zealot  
  20  2:11  Cybernetics Core  
  22  2:24  Pylon  
  22  2:35  Photon Cannon  
  22  2:37  Stalker  
  22  2:44  Stalker  
  26  2:53  Shield Battery  
  26  3:00  Pylon  
  26  3:15  Pylon  
  28  3:27  Pylon  
  28  3:31  Probe  
  29  3:40  Shield Battery  
  29  3:45  Robotics Facility  
  25  3:51  Pylon  
  25  3:52  Pylon  
  25  4:09  Probe  
  24  4:21  Probe  
  24  4:26  Shield Battery  
  24  4:27  Pylon  
Show
View Real Time Build Order
Export as new Build Order

Elazer Zerg - Winner!

Build Orders: Pool First 

Get SALT Encoding   

  12  0:00  Drone  
  13  0:13  Overlord  
  13  0:17  Drone  
  14  0:31  Drone x2  
  16  0:36  Drone  
  17  0:45  Extractor  
  17  0:47  Drone  
  17  0:50  Spawning Pool  
  17  0:56  Drone  
  17  1:08  Drone  
  18  1:37  Queen  
  18  1:38  Roach Warren, Zergling x2  
  20  1:41  Overlord  
  20  1:46  Drone  
  20  2:04  Hatchery  
  19  2:18  Roach x3  
  25  2:30  Roach  
  25  2:32  Extractor  
  26  2:40  Ravager  
  27  2:46  Roach  
  29  2:53  Ravager  
  30  3:02  Overlord  
  30  3:18  Ravager  
  31  3:21  Roach  
  33  3:27  Roach x2  
  37  3:36  Roach  
  37  3:40  Roach  
  41  3:46  Drone x2  
  43  3:51  Overlord  
  43  3:52  Spore Crawler  
  43  3:53  Roach  
  43  4:19  Roach  
  41  4:38  Hatchery  
Tags
 
Add a new tag
Caveats
  • Supply blocks, unpowered buildings, or Contaminate may cause inaccurate times.
  • Supply counts are checked every 10 seconds.